 Dungeon Crawl Stone Soup version 0.27-a0-1105-g946c659c87 (webtiles) character file.

Game seed: 449418345732423926

21 robertstho the Magician (level 2, -4/21 HPs)
             Began as a Djinni Fire Elementalist on Apr 30, 2021.
             Killed from afar by Natasha (9 damage)
             ... with a magic dart
             ... on level 2 of the Dungeon.
             The game lasted 00:01:53 (1082 turns).

robertstho the Magician (Djinni Fire Elementalist)  Turns: 1082, Time: 00:01:54

Health: -4/21      AC:  2    Str:  7    XL:     2   Next: 87%
Gold:   11         EV: 12    Int: 16    God:
                   SH:  0    Dex: 13

rFire    + + .     SeeInvis .   c - +0 short sword
rCold    x . .     Faith    .   (no shield)
rNeg     . . .     Spirit   .   a - +0 robe
rPois    ∞         Reflect  .   (no helmet)
rElec    .         Harm     .   (no cloak)
rCorr    .         Rampage  .   (no gloves)
Will     .....                  (boots unavailable)
Stlth    ++........             (no amulet)
HPRegen  0.07/turn              (no ring)
MPRegen  0.00/turn              (no ring)

@: flying
A: fire resistance 2, cold vulnerability 1, float, innate caster, hp casting,
extra vitality 1, mutation resistance 1
a: no special abilities


You were on level 2 of the Dungeon.
You visited 1 branch of the dungeon, and saw 2 of its levels.

You collected 11 gold pieces.

Inventory:

Hand Weapons
 c - a +0 short sword (weapon)
Armour
 a - a +0 robe (worn)


   Skills:
 + Level 3.0 Dodging
 + Level 1.6 Stealth
 + Level 3.1 Spellcasting


You couldn't memorise any spells.
You knew the following spells:

 Your Spells              Type           Power      Damage    Failure   Level
a - Foxfire               Conj/Fire      48%        2x1d6     5%          1
b - Conjure Flame         Conj/Fire      12%        6-21      16%         3
c - Inner Flame           Hex/Fire       12%        N/A       16%         3
d - Sticky Flame          Conj/Fire      12%        2d4       45%         4
e - Fireball              Conj/Fire      6%         3d5       82%         5
Your spell library was empty.

Dungeon Overview and Level Annotations

Branches:
Dungeon (1/15)

Altars:

Annotations:
D:2 Natasha


Innate Abilities, Weirdness & Mutations

You are immune to poison.
Your flesh is very heat resistant. (rF++)
You are vulnerable to cold. (rC-)
You float through the air rather than walking.
You learn spells naturally, not from books.
Your magical power is your life essence.
You have superior vitality. (+4 HP)
You are somewhat resistant to further mutation.


Message History

You miscast Foxfire.
Nothing appears to happen.
Unknown command.
Casting: Foxfire (safe; 5% risk of failure)
Press: ? - help, Q - select action Dir - look around, f - activate You conjure some foxfire!
Natasha claws you.
* * * LOW HITPOINT WARNING * * *
Unknown command.
It was a potion of mutation.
You feel extremely strange.
You feel genetically stable.
The foxfire hits Natasha.
Natasha is moderately wounded.
The foxfire hits Natasha.
Natasha is moderately wounded.
Natasha claws you.
* * * LOW HITPOINT WARNING * * *
It was a potion of curing.
You feel better. Natasha barely misses you.
Natasha casts a spell.
Natasha claws you!
* * * LOW HITPOINT WARNING * * *
Natasha mumbles some strange words.
There is an open door here.
Natasha stares at you and mumbles some strange words.
You resist with significant effort.
Really fly into that dispersal trap?
You enter a dispersal trap!
Natasha blinks!
You blink.
Natasha misses you.
Your magical contamination has completely faded away.
Really fly into that dispersal trap?
Okay, then.
Really fly into that dispersal trap?
You enter a dispersal trap!
Natasha blinks!
The shadow imp blinks!
You blink.
The shadow imp shouts, "Back with thee, thou grime-gilt fool-headed cross-patch!"
Natasha howls an incantation.
You feel troubled.
The shadow imp disappears in a puff of smoke!
Natasha howls an incantation.
You feel disoriented. Natasha casts a spell at you. The magic dart hits you!
You die...

#.......#.############.######
#.#####.#.#.....)............
#.#####.#.#.####..####.#####.
#......<..#..[.......#.# #.
##############.......#.# #.
.........+.........# #.
########.........### #.
#.#######.# #. #@# #.# #. #.#
#.#######.
###.#######.........
#..h..#...'........>
###.#######.........
#.....#............. +#+##
###.###............. .....
### #.....#.....#.......
......+.#
###.###.....#.......


You could see Natasha.

Vanquished Creatures
  An adder (D:2)
  A dart slug (D:2)
  2 bats (D:2)
  A giant cockroach (D:2)
  A hobgoblin (D:2)
  A quokka (D:2)
  3 frilled lizards (D:2)
  A kobold (D:2)
  A rat (D:2)
12 creatures vanquished.

Vanquished Creatures (others)
  52 foxfires (D:2)
52 creatures vanquished.

Grand Total: 64 creatures vanquished

Notes
Turn   | Place    | Note
-------+----------+-------------------------------------------
     0 | D:1      | robertstho the Djinni Fire Elementalist began the quest for
                  | the Orb.
     0 | D:1      | Reached XP level 1. HP: 15/15 MP: 0/0
    26 | D:1      | You are sucked into a shaft and drop 1 floor!
   334 | D:2      | Reached XP level 2. HP: 5/21 MP: 0/0
  1055 | D:2      | Noticed Natasha
  1061 | D:2      | Gained mutation: You are somewhat resistant to further
                  | mutation. [potion of mutation]
  1067 | D:2      | Noticed a crimson imp
  1082 | D:2      | Killed from afar by Natasha

Illustrated notes

Levels and vault maps discovered:
D:1:      saegor_arrival_simple_d, layout_loops_ring,
          shapermc_ecumenical_altar_venn, serial_bayou_crossing
D:2:      layout_basic, minmay_misc_feat_hallway, uniq_crazy_yiuf_cottage,
          uniq_natasha, uniq_sigmund

Skill      XL: |  1  2 |
---------------+-------+-----
Spellcasting   | 3 |  3.1
Dodging        | 3 |  3.0
Stealth        | |  1.6

Action                   || total
-------------------------++-------
 Cast: Foxfire           ||    31
  Use: Potion            ||     2
Dodge: Dodged            ||     2

Table legend: (Time is in decaauts)
 A = Elapsed time spent in this place.
 B = Non-inter-level travel time spent in this place.
 C = Inter-level travel time spent in this place.
 D = Time resting spent in this place.
 E = Time spent auto-exploring this place.
 F = Levels seen in this place.
 G = Mean time per level.
                   A        B        C        D        E       F      G
               +--------+--------+--------+--------+--------+-----+--------+
         Total |   1081 |   1081 |      0 |    224 |    757 |   2 |  540.5 |
       Dungeon |   1081 |   1081 |      0 |    224 |    757 |   2 |  540.5 |
               +--------+--------+--------+--------+--------+-----+--------+

Top non-repeatable levels by time:
     D:2: 1055 daAuts
     D:1: 25 daAuts
